[Event "DSAM Bad Wildungen 2024"]
[Site "Bad Wildungen"]
[Date "2024.08.02"]
[Round "3.22"]
[White "Reinecke, Katharina"]
[Black "Koelpin, Arvid"]
[Result "1-0"]
[Annotator "RC"]
[ECO "B51"]
[WhiteElo "1949"]
[BlackElo "1865"]
[PlyCount "65"]
[EventDate "2024.07.31"]
[EventCountry "GER"]
[SourceTitle "playchess.com"]
[Source "ChessBase"]
[SourceQuality "1"]
[TimeControl "40/5400+30:900+30"]

1. e4 c5 2. Nf3 d6 3. Bb5+ Nd7 4. O-O a6 5. Bd3 b5 6. c3 Bb7 7. Bc2 Ngf6 8. Qe2 e5 9. d4 Be7 10. Bg5 O-O 11. Nbd2 Rc8 12. Rac1 Re8 13. Bxf6 Bxf6 14. d5 c4 15. a4 Nc5 16. axb5 axb5 17. b4 cxb3 18. Nxb3 Ba6 19. Nxc5 Rxc5 20. Bd3 Qd7 21. Ra1 Qb7 22. Rfb1 Rec8 23. c4 b4 24. Nd2 Bg5 25. Nb3 R5c7 26. Na5 Qb6 27. Nc6 Rxc6 28. dxc6 Qxc6 29. Rxb4 f5 30. Rab1 fxe4 31. Qxe4 Qxe4 32. Bxe4 Bxc4 33. Rxc4 1-0

[Event "DSAM Bad Wildungen 2024"]
[Site "Bad Wildungen"]
[Date "2024.08.02"]
[Round "3.23"]
[White "Best, Florian"]
[Black "Roenker, Sebastian"]
[Result "0-1"]
[Annotator "NA RC"]
[ECO "A49"]
[WhiteElo "1836"]
[BlackElo "1851"]
[PlyCount "78"]
[EventDate "2024.07.31"]
[EventCountry "GER"]
[SourceTitle "playchess.com"]
[Source "ChessBase"]
[SourceQuality "1"]
[TimeControl "40/5400+30:900+30"]

1. d4 Nf6 2. Nf3 g6 3. g3 Bg7 4. Bg2 O-O 5. O-O d6 6. Nbd2 Nbd7 7. Re1 c5 8. c3 e5 9. dxe5 dxe5 10. e4 b5 11. c4 a6 12. b3 Re8 13. Bb2 Qc7 14. Qc2 Nb6 15. cxb5 axb5 16. Rec1 Nfd7 17. Ne1 Bb7 18. Bf1 Qc6 19. Qd3 f5 20. Qxb5 Qf6 21. Qe2 Rf8 22. Bg2 Bh6 23. f4 Qd6 24. Nc4 Ba6 25. Nxd6 Bxe2 26. exf5 Rad8 27. Rc2 Ba6 28. fxe5 Be3+ 29. Kh1 Nf6 30. Nc4 Nfd5 31. Nxb6 Nxb6 32. f6 Nd5 33. Rd1 Nb4 34. Rxd8 Rxd8 35. Bf3 Nxc2 36. Nxc2 Rd1+ 37. Kg2 Rd2+ 38. Kh3 Bf1+ 39. Kh4 Rxh2+ 0-1

[Event "DSAM Bad Wildungen 2024"]
[Site "Bad Wildungen"]
[Date "2024.08.02"]
[Round "3.24"]
[White "Boldt, Timo"]
[Black "Will, Jonas"]
[Result "1-0"]
[Annotator "NA RC"]
[ECO "A25"]
[WhiteElo "1801"]
[BlackElo "1868"]
[PlyCount "79"]
[EventDate "2024.07.31"]
[EventCountry "GER"]
[SourceTitle "playchess.com"]
[Source "ChessBase"]
[SourceQuality "1"]
[TimeControl "40/5400+30:900+30"]

1. c4 e5 2. g3 Nc6 3. Bg2 Nf6 4. Nc3 Bc5 5. e3 d5 6. cxd5 Nb4 7. d4 exd4 8. exd4 Be7 9. Nge2 Nbxd5 10. O-O c6 11. Nf4 Nb6 12. d5 Nbxd5 13. Nfxd5 Nxd5 14. Nxd5 cxd5 15. Bxd5 O-O 16. Qf3 Qb6 17. Be3 Bc5 18. Bxc5 Qxc5 19. Rfe1 Bg4 20. Qe4 Rad8 21. Qxg4 Rxd5 22. Rac1 Qb6 23. Re7 Rd2 24. Qf3 Qxb2 25. Rc8 Qxa2 26. Ree8 Qb1+ 27. Kg2 Qb4 28. Rxf8+ Qxf8 29. Rxf8+ Kxf8 30. Qxb7 Rd8 31. Qxa7 g6 32. Qc7 Re8 33. Kf3 Kg8 34. Kg4 Kg7 35. Qc3+ Kg8 36. Kg5 f6+ 37. Qxf6 Rf8 38. Qe6+ Kg7 39. Qe5+ Kg8 40. Kh6 1-0

[Event "DSAM Bad Wildungen 2024"]
[Site "Bad Wildungen"]
[Date "2024.08.02"]
[Round "3.25"]
[White "Sklorz, Tobias"]
[Black "Frisch, Thomas"]
[Result "0-1"]
[Annotator "NA RC"]
[ECO "B15"]
[WhiteElo "1843"]
[BlackElo "1792"]
[PlyCount "70"]
[EventDate "2024.07.31"]
[EventCountry "GER"]
[SourceTitle "playchess.com"]
[Source "ChessBase"]
[SourceQuality "1"]
[TimeControl "40/5400+30:900+30"]

1. e4 c6 2. d4 d5 3. Nc3 dxe4 4. Nxe4 Nf6 5. Nxf6+ exf6 6. c3 Bd6 7. Bd3 O-O 8. Qc2 Re8+ 9. Ne2 h5 10. Be3 Nd7 11. O-O-O Nf8 12. Kb1 Be6 13. c4 Rc8 14. Nc3 a6 15. h3 Bb4 16. g4 Bxc3 17. Qxc3 h4 18. Bc2 b5 19. f4 Bxc4 20. g5 Bd5 21. Rhg1 Be4 22. Bf2 f5 23. Bxh4 g6 24. Bf2 Qd6 25. Qg3 Bxc2+ 26. Kxc2 Re2+ 27. Rd2 Rxd2+ 28. Kxd2 c5 29. Qe3 Rd8 30. Qe5 Qxe5 31. fxe5 Ne6 32. Rg3 Nxd4 33. Bxd4 Rxd4+ 34. Rd3 Rxd3+ 35. Kxd3 Kf8 0-1

[Event "DSAM Bad Wildungen 2024"]
[Site "Bad Wildungen"]
[Date "2024.08.02"]
[Round "3.26"]
[White "Bagusat, Thomas"]
[Black "Brixius, Dirk"]
[Result "0-1"]
[Annotator "NA RC"]
[ECO "A23"]
[WhiteElo "1783"]
[BlackElo "1809"]
[PlyCount "74"]
[EventDate "2024.07.31"]
[EventCountry "GER"]
[SourceTitle "playchess.com"]
[Source "ChessBase"]
[SourceQuality "1"]
[TimeControl "40/5400+30:900+30"]

1. c4 e5 2. Nc3 Nf6 3. g3 c6 4. e4 Bc5 5. Bg2 d6 6. h3 Be6 7. b3 Na6 8. Nge2 Qd7 9. d4 exd4 10. Nxd4 Bxd4 11. Qxd4 O-O 12. O-O Bxh3 13. f4 Nb4 14. Qd1 Bg4 15. Ne2 c5 16. f5 Rad8 17. Bg5 Qe7 18. Rf4 h5 19. a3 Nc6 20. Rb1 Nd4 21. Rxg4 Nxe2+ 22. Qxe2 hxg4 23. Kf2 Qe5 24. Bxf6 Qxf6 25. Qxg4 Qd4+ 26. Ke2 Rfe8 27. Rd1 Qb2+ 28. Rd2 Qxb3 29. f6 Qxc4+ 30. Kd1 g6 31. Qh4 Qc3 32. g4 d5 33. exd5 Qb3+ 34. Kc1 Qxa3+ 35. Kc2 Re3 36. Be4 Rxe4 37. Rh2 Rc4+ 0-1

[Event "DSAM Bad Wildungen 2024"]
[Site "Bad Wildungen"]
[Date "2024.08.02"]
[Round "3.27"]
[White "Dorendorf, Mika"]
[Black "Franz, Niclas"]
[Result "1/2-1/2"]
[Annotator "RC"]
[ECO "D10"]
[WhiteElo "1959"]
[BlackElo "1877"]
[PlyCount "45"]
[EventDate "2024.07.31"]
[EventCountry "GER"]
[SourceTitle "playchess.com"]
[Source "ChessBase"]
[SourceQuality "1"]
[TimeControl "40/5400+30:900+30"]

1. d4 d5 2. c4 c6 3. cxd5 cxd5 4. Nc3 Nc6 5. Bf4 Bf5 6. e3 e6 7. Bd3 Bxd3 8. Qxd3 Bd6 9. Bxd6 Qxd6 10. f4 f5 11. Nf3 Nf6 12. O-O O-O 13. Rac1 Rac8 14. Ne5 a6 15. Na4 Ne4 16. Nc5 Nxc5 17. Rxc5 Nxe5 18. fxe5 Qd7 19. Rfc1 Rxc5 20. Rxc5 Rc8 21. Qc3 Rxc5 22. Qxc5 Kf7 23. Kf2 1/2-1/2

[Event "DSAM Bad Wildungen 2024"]
[Site "Bad Wildungen"]
[Date "2024.08.02"]
[Round "3.28"]
[White "Valean, David-Andrei"]
[Black "Drews, Nicolas"]
[Result "1/2-1/2"]
[Annotator "NA COMBH"]
[ECO "D00"]
[WhiteElo "1762"]
[BlackElo "1780"]
[PlyCount "28"]
[EventDate "2024.07.31"]
[EventCountry "GER"]
[SourceTitle "playchess.com"]
[Source "ChessBase"]
[SourceQuality "1"]
[TimeControl "40/5400+30:900+30"]

1. d4 d5 2. Nc3 Nf6 3. Bf4 a6 4. e3 c5 5. dxc5 Nc6 6. Nf3 Bg4 7. Be2 e6 8. h3 Bh5 9. O-O Bxc5 10. Ne5 Bxe2 11. Qxe2 Nxe5 12. Bxe5 Bd6 13. Bxd6 Qxd6 14. e4 Nxe4 1/2-1/2

[Event "DSAM Bad Wildungen 2024"]
[Site "Bad Wildungen"]
[Date "2024.08.02"]
[Round "3.29"]
[White "Schulze-Bergcamen, Stefan"]
[Black "Fink, Wolfgang"]
[Result "1-0"]
[Annotator "ChessBase"]
[ECO "B46"]
[WhiteElo "2042"]
[BlackElo "1846"]
[PlyCount "89"]
[EventDate "2024.07.31"]
[EventCountry "GER"]
[SourceTitle "playchess.com"]
[Source "ChessBase"]
[SourceQuality "1"]
[TimeControl "40/5400+30:900+30"]

1. e4 c5 2. Nf3 Nc6 3. d4 cxd4 4. Nxd4 e6 5. Nc3 a6 6. Be3 Bb4 7. Qd2 Nge7 8. a3 Qa5 9. Nb3 Bxc3 10. Nxa5 Bxd2+ 11. Bxd2 O-O 12. Nc4 d5 13. Nb6 Rb8 14. exd5 Nxd5 15. Nxc8 Rbxc8 16. c4 Nd4 17. Rc1 Nb3 18. Rd1 Nb6 19. Bb4 Rfd8 20. Rxd8+ Rxd8 21. Be2 a5 22. Bc3 Na4 23. Bd1 Nxc3 24. Bxb3 Ne4 25. O-O Kf8 26. Rd1 Rd2 27. Rxd2 Nxd2 28. Ba2 a4 29. f3 Ke7 30. Kf2 Kd6 31. Ke2 Nb3 32. Bxb3 axb3 33. Kd3 h5 34. Kc3 g5 35. Kxb3 Ke5 36. Kc3 g4 37. Kd3 f5 38. b4 Kf4 39. fxg4 hxg4 40. c5 Ke5 41. h4 gxh3 42. gxh3 Kf4 43. b5 Kg3 44. c6 bxc6 45. b6 1-0

[Event "DSAM Bad Wildungen 2024"]
[Site "Bad Wildungen"]
[Date "2024.08.02"]
[Round "3.31"]
[White "Sviridov, Vitaliy"]
[Black "Koehler, Wilhelm"]
[Result "1-0"]
[Annotator "NA RC"]
[ECO "D02"]
[WhiteElo "1771"]
[BlackElo "1829"]
[PlyCount "104"]
[EventDate "2024.07.31"]
[EventCountry "GER"]
[SourceTitle "playchess.com"]
[Source "ChessBase"]
[SourceQuality "1"]
[TimeControl "40/5400+30:900+30"]

1. d4 Nf6 2. Bf4 d5 3. e3 c5 4. Nf3 Nc6 5. Nbd2 Qb6 6. dxc5 Qxb2 7. Nb3 e5 8. Bg5 Qc3+ 9. Qd2 Qxd2+ 10. Nfxd2 Nd7 11. O-O-O f6 12. Bh4 Nxc5 13. f4 Ne4 14. Nxe4 dxe4 15. Bc4 exf4 16. exf4 Bd7 17. Rhe1 O-O-O 18. Rxe4 Ba3+ 19. Kb1 Bf5 20. Ree1 Nb4 21. Nd4 Bg4 22. Be6+ Bxe6 23. Nxe6 Rxd1+ 24. Rxd1 Re8 25. f5 g5 26. Bf2 Nc6 27. Rd3 Be7 28. Be1 Nd8 29. Rc3+ Nc6 30. Rh3 Nd8 31. Rc3+ Nc6 32. g4 Bb4 33. Rxc6+ bxc6 34. Bxb4 Kd7 35. Kc1 Rxe6 36. fxe6+ Kxe6 37. Kd2 f5 38. gxf5+ Kxf5 39. Ke3 h5 40. Bd6 Ke6 41. Bb8 a6 42. Kd4 Kd7 43. a4 h4 44. h3 Kc8 45. Be5 Kb7 46. Kc5 a5 47. c4 Ka6 48. Kxc6 Ka7 49. c5 Ka6 50. Kd7 g4 51. hxg4 h3 52. c6 h2 1-0

[Event "DSAM Bad Wildungen 2024"]
[Site "Bad Wildungen"]
[Date "2024.08.02"]
[Round "3.32"]
[White "Krueger, Malte"]
[Black "Lerch, Cornelia"]
[Result "1-0"]
[Annotator "NA RC"]
[ECO "B22"]
[WhiteElo "1739"]
[BlackElo "1847"]
[PlyCount "73"]
[EventDate "2024.07.31"]
[EventCountry "GER"]
[SourceTitle "playchess.com"]
[Source "ChessBase"]
[SourceQuality "1"]
[TimeControl "40/5400+30:900+30"]

1. e4 c5 2. c3 Nf6 3. e5 Nd5 4. d4 cxd4 5. cxd4 e6 6. Nc3 Nb6 7. Nf3 d6 8. Bd2 dxe5 9. dxe5 Nc6 10. Qc2 Nb4 11. Qe4 N4d5 12. a3 Be7 13. Be2 O-O 14. O-O Bd7 15. Rac1 Bc6 16. Qg4 Re8 17. h4 Bf8 18. Ne4 f5 19. exf6 Nxf6 20. Nxf6+ Qxf6 21. Bc3 Qf7 22. Ne5 Qf5 23. Nxc6 bxc6 24. Rfe1 Kh8 25. h5 h6 26. Bf3 Nd5 27. Bd4 a6 28. Rxc6 Qf7 29. Rcxe6 Rxe6 30. Qxe6 Qxe6 31. Rxe6 Rd8 32. Rxh6+ Kg8 33. Rxa6 Nf4 34. Bc3 Rc8 35. a4 Nd3 36. Bd5+ Kh8 37. Rh6# 1-0

[Event "DSAM Bad Wildungen 2024"]
[Site "Bad Wildungen"]
[Date "2024.08.02"]
[Round "3.33"]
[White "Espenhahn, Joerg"]
[Black "Bauch, Martin"]
[Result "1-0"]
[Annotator "RC"]
[ECO "A03"]
[WhiteElo "1788"]
[BlackElo "1927"]
[PlyCount "67"]
[EventDate "2024.07.31"]
[EventCountry "GER"]
[SourceTitle "playchess.com"]
[Source "ChessBase"]
[SourceQuality "1"]
[TimeControl "40/5400+30:900+30"]

1. f4 d5 2. Nf3 Nf6 3. e3 c5 4. Bb5+ Nc6 5. O-O a6 6. Bxc6+ bxc6 7. b3 Bg4 8. Qe1 Bxf3 9. Rxf3 e6 10. Bb2 Rb8 11. d3 Be7 12. Nd2 O-O 13. Rh3 Ne8 14. Nf3 Bf6 15. Ne5 Qc7 16. Qe2 Rd8 17. Qh5 h6 18. g4 d4 19. exd4 cxd4 20. Re1 Rd5 21. Bc1 Qa5 22. Kf1 Nd6 23. a4 Qc3 24. Re2 Qa1 25. Re1 Qc3 26. Re2 Qa1 27. Re1 Qb1 28. Ba3 Qxc2 29. Bxd6 Rxd6 30. g5 Bxe5 31. gxh6 Rfd8 32. fxe5 g6 33. h7+ Kh8 34. Qg5 1-0

[Event "DSAM Bad Wildungen 2024"]
[Site "Bad Wildungen"]
[Date "2024.08.02"]
[Round "3.34"]
[White "Dolidze, David"]
[Black "Schmitt, Philipp"]
[Result "1/2-1/2"]
[Annotator "RC"]
[ECO "C02"]
[WhiteElo "1720"]
[BlackElo "2170"]
[PlyCount "140"]
[EventDate "2024.07.31"]
[EventCountry "GER"]
[SourceTitle "playchess.com"]
[Source "ChessBase"]
[SourceQuality "1"]
[TimeControl "40/5400+30:900+30"]

1. e4 e6 2. d4 d5 3. e5 c5 4. c3 Nc6 5. Nf3 h6 6. Bd3 c4 7. Bc2 b5 8. O-O b4 9. Re1 bxc3 10. Nxc3 Bb4 11. Bd2 Bxc3 12. Bxc3 Nge7 13. h4 Bd7 14. Qd2 Qb6 15. g3 a5 16. b3 cxb3 17. axb3 O-O 18. Qd3 g6 19. Qe3 Kg7 20. Qf4 f5 21. Qd2 Nb4 22. Reb1 Nxc2 23. Qxc2 Rfc8 24. Qd2 Nc6 25. Ne1 Rc7 26. Kg2 Rca7 27. Rb2 Nb4 28. Bxb4 Qxb4 29. Qxb4 axb4 30. Rxa7 Rxa7 31. Nd3 Rb7 32. Ra2 Kf7 33. Nc5 Rc7 34. Ra6 Ke7 35. Rb6 g5 36. hxg5 hxg5 37. Rxb4 Ra7 38. Rb7 Rxb7 39. Nxb7 Bc8 40. Nc5 Bd7 41. Nxd7 Kxd7 42. Kf1 Kc6 43. Ke2 Kb5 44. Kd3 Kb4 45. Kc2 Ka3 46. f4 gxf4 47. gxf4 Kb4 48. Kb2 Ka5 49. Ka3 Kb5 50. b4 Kc4 51. Ka4 Kxd4 52. Ka5 Ke4 53. b5 d4 54. b6 d3 55. b7 d2 56. b8=Q d1=Q 57. Qd6 Qa1+ 58. Kb6 Kxf4 59. Qxe6 Qxe5 60. Qh6+ Ke4 61. Qh1+ Kd4 62. Qd1+ Ke4 63. Qh1+ Kd3 64. Qd1+ Kc4 65. Qa4+ Kd5 66. Qc6+ Kd4 67. Qa4+ Ke3 68. Qb3+ Kf4 69. Kb7 Qe3 70. Qf7 Qe4+ 1/2-1/2

[Event "DSAM Bad Wildungen 2024"]
[Site "Bad Wildungen"]
[Date "2024.08.02"]
[Round "3.35"]
[White "Ferneding, Conrad"]
[Black "Lehmann, Michael"]
[Result "1-0"]
[Annotator "NA RC"]
[ECO "B12"]
[WhiteElo "1780"]
[BlackElo "1731"]
[PlyCount "64"]
[EventDate "2024.07.31"]
[EventCountry "GER"]
[SourceTitle "playchess.com"]
[Source "ChessBase"]
[SourceQuality "1"]
[TimeControl "40/5400+30:900+30"]

1. e4 c6 2. d4 d5 3. e5 Bf5 4. h4 h6 5. g4 Be6 6. Nh3 Qd7 7. f3 h5 8. Nf4 hxg4 9. Nxe6 Qxe6 10. fxg4 g6 11. g5 Qc8 12. Nc3 e6 13. Ne2 Ne7 14. Be3 Nf5 15. Bf2 Nd7 16. Nf4 c5 17. Bd3 Ng7 18. c3 Qc6 19. Nxg6 fxg6 20. Bxg6+ Kd8 21. h5 Be7 22. Qg4 Kc7 23. O-O-O Raf8 24. Be3 cxd4 25. Bxd4 Nf5 26. Kb1 Kb8 27. Bxf5 Rxf5 28. g6 Rg5 29. Qf4 Rf5 30. g7 Rg8 31. Qh6 Qc8 32. Qxe6 Qd8 1-0

[Event "DSAM Bad Wildungen 2024"]
[Site "Bad Wildungen"]
[Date "2024.08.02"]
[Round "3.36"]
[White "Lopez Fuertes, Victor"]
[Black "Doeding, Alexander"]
[Result "0-1"]
[Annotator "NA RC"]
[ECO "B06"]
[WhiteElo "1765"]
[BlackElo "1588"]
[PlyCount "52"]
[EventDate "2024.07.31"]
[EventCountry "GER"]
[SourceTitle "playchess.com"]
[Source "ChessBase"]
[SourceQuality "1"]
[TimeControl "40/5400+30:900+30"]

1. e4 g6 2. d4 Bg7 3. Nf3 d6 4. h3 c5 5. c3 cxd4 6. Nxd4 Nd7 7. Nb3 Ngf6 8. Bd3 O-O 9. Qe2 b6 10. Bf4 Bb7 11. N1d2 Rc8 12. Ba6 Qc7 13. Bxb7 Qxb7 14. O-O Nc5 15. Rfe1 d5 16. e5 Nfe4 17. Rab1 f6 18. Nxc5 Nxc5 19. exf6 Bxf6 20. Be5 Qc6 21. Nb3 Bxe5 22. Qxe5 Nd3 23. Qe6+ Qxe6 24. Rxe6 Rxf2 25. Rxe7 Rxb2 26. Rxa7 Rxb1+ 0-1

[Event "DSAM Bad Wildungen 2024"]
[Site "Bad Wildungen"]
[Date "2024.08.02"]
[Round "3.37"]
[White "Doehn, Friedemann"]
[Black "Shanmuganathan, Adhav"]
[Result "1-0"]
[Annotator "NA RC"]
[ECO "A03"]
[WhiteElo "1776"]
[BlackElo "1659"]
[PlyCount "58"]
[EventDate "2024.07.31"]
[EventCountry "GER"]
[SourceTitle "playchess.com"]
[Source "ChessBase"]
[SourceQuality "1"]
[TimeControl "40/5400+30:900+30"]

1. f4 d5 2. Nf3 c5 3. e3 Nc6 4. Bb5 Bd7 5. b3 a6 6. Bxc6 Bxc6 7. Bb2 f6 8. O-O e6 9. d3 Nh6 10. Nbd2 Bd6 11. Ng5 Qd7 12. Ngf3 Nf7 13. d4 Rg8 14. c4 g5 15. cxd5 exd5 16. dxc5 Bxc5 17. Nd4 gxf4 18. Rxf4 Qh3 19. Qe2 Bd6 20. Kh1 Qd7 21. Rxf6 Be5 22. Re6+ Kf8 23. Rxe5 Nxe5 24. Nxc6 Nxc6 25. Rf1+ Ke8 26. Qh5+ Kd8 27. Rf7 Qe6 28. Qxh7 Re8 29. Bf6+ Re7 1-0

[Event "DSAM Bad Wildungen 2024"]
[Site "Bad Wildungen"]
[Date "2024.08.02"]
[Round "3.38"]
[White "Geier, Jakob"]
[Black "Noll, Raphael"]
[Result "1-0"]
[Annotator "NA RC"]
[ECO "C29"]
[WhiteElo "1664"]
[BlackElo "1611"]
[PlyCount "69"]
[EventDate "2024.07.31"]
[EventCountry "GER"]
[SourceTitle "playchess.com"]
[Source "ChessBase"]
[SourceQuality "1"]
[TimeControl "40/5400+30:900+30"]

1. e4 e5 2. Nc3 Nf6 3. f4 d5 4. fxe5 Nxe4 5. Qf3 Nxc3 6. bxc3 Be6 7. Rb1 b6 8. Nh3 Qh4+ 9. g3 Qe4+ 10. Qxe4 dxe4 11. Nf4 Bf5 12. Bg2 Nd7 13. d4 O-O-O 14. O-O f6 15. e6 Nb8 16. g4 Bxg4 17. Bxe4 f5 18. Bg2 g5 19. h3 gxf4 20. hxg4 fxg4 21. Bxf4 h5 22. Bg5 Re8 23. Rbe1 Be7 24. Bxe7 Rxe7 25. Rf7 Kd8 26. d5 h4 27. Ref1 Ke8 28. Be4 Rxf7 29. Rxf7 Rf8 30. Rxc7 Rf4 31. Bg6+ Kf8 32. e7+ Kg7 33. e8=Q+ Kh6 34. Qh8+ Kg5 35. Qe5+ 1-0

[Event "DSAM Bad Wildungen 2024"]
[Site "Bad Wildungen"]
[Date "2024.08.02"]
[Round "3.39"]
[White "Sniegowski, Richard"]
[Black "Karlinder, Lovis Neo"]
[Result "1-0"]
[Annotator "NA RC"]
[ECO "B10"]
[WhiteElo "1695"]
[BlackElo "1659"]
[PlyCount "51"]
[EventDate "2024.07.31"]
[EventCountry "GER"]
[SourceTitle "playchess.com"]
[Source "ChessBase"]
[SourceQuality "1"]
[TimeControl "40/5400+30:900+30"]

1. e4 c6 2. Nf3 d5 3. exd5 cxd5 4. Ne5 Nf6 5. d4 g6 6. Nd2 Bg7 7. Ndf3 O-O 8. Bd3 Nc6 9. c3 Ne4 10. h4 h6 11. Qc2 Nd6 12. Bf4 Qe8 13. Qc1 h5 14. Bh6 Bf5 15. Bxg7 Kxg7 16. Bxf5 Nxf5 17. g4 Nxe5 18. Nxe5 hxg4 19. Nxg4 Rh8 20. h5 Nh6 21. Nxh6 Rxh6 22. Qg5 Qd7 23. O-O-O Rah8 24. Rdg1 Kf8 25. hxg6 Rxh1 26. g7+ 1-0

[Event "DSAM Bad Wildungen 2024"]
[Site "Bad Wildungen"]
[Date "2024.08.02"]
[Round "3.40"]
[White "Ihlenfeld, Felix"]
[Black "Klar, Ennio"]
[Result "0-1"]
[Annotator "NA RC"]
[ECO "A03"]
[WhiteElo "1673"]
[BlackElo "1781"]
[PlyCount "66"]
[EventDate "2024.07.31"]
[EventCountry "GER"]
[SourceTitle "playchess.com"]
[Source "ChessBase"]
[SourceQuality "1"]
[TimeControl "40/5400+30:900+30"]

1. f4 d5 2. e3 Nc6 3. Nf3 e6 4. b3 b6 5. Bb2 Bb7 6. Bb5 a6 7. Bxc6+ Bxc6 8. O-O Nf6 9. Nc3 Be7 10. Qe1 g6 11. Ne5 Bb7 12. Ne2 Rf8 13. Nd4 c5 14. Ndc6 Bxc6 15. Nxc6 Qc7 16. Nxe7 Qxe7 17. d3 Nd7 18. Qg3 O-O-O 19. Rf2 f5 20. Qf3 Nf6 21. h3 Qd7 22. a4 a5 23. g4 h6 24. Be5 fxg4 25. hxg4 g5 26. Qh1 Nxg4 27. Rg2 Nxe3 28. Re2 gxf4 29. c4 Rg8+ 30. Kf2 Ng4+ 31. Kf3 Nxe5+ 32. Rxe5 dxc4 33. Kxf4 Rdf8+ 0-1

[Event "DSAM Bad Wildungen 2024"]
[Site "Bad Wildungen"]
[Date "2024.08.02"]
[Round "3.42"]
[White "Schuetz, Markus"]
[Black "Heutling, Thomas"]
[Result "1/2-1/2"]
[Annotator "NA"]
[ECO "A53"]
[WhiteElo "1512"]
[BlackElo "1633"]
[PlyCount "115"]
[EventDate "2024.07.31"]
[EventCountry "GER"]
[SourceTitle "playchess.com"]
[Source "ChessBase"]
[SourceQuality "1"]
[TimeControl "40/5400+30:900+30"]

1. d4 Nf6 2. c4 d6 3. Nc3 Nbd7 4. e4 e5 5. d5 c6 6. Bd3 Be7 7. Nge2 Nc5 8. Be3 Nxd3+ 9. Qxd3 O-O 10. O-O Ng4 11. Bd2 f5 12. f3 Qb6+ 13. Kh1 Nf2+ 14. Rxf2 Qxf2 15. Be3 Qh4 16. Rf1 f4 17. Bd2 Rf6 18. Be1 Qh5 19. g4 fxg3 20. Bxg3 Bh3 21. Rf2 Raf8 22. Ng1 Rg6 23. Nce2 Bd7 24. f4 Rxg3 25. Nxg3 Qg4 26. Qf1 exf4 27. N3e2 Bg5 28. Nf3 Bh6 29. Rg2 Qh5 30. Neg1 g5 31. Qe1 g4 32. Qh4 Qxh4 33. Nxh4 Kh8 34. h3 gxh3 35. Rf2 Bg5 36. Nhf3 Bf6 37. Kh2 c5 38. Nxh3 Bxh3 39. Kxh3 Rg8 40. b3 Rg3+ 41. Kh2 Kg7 42. Rg2 Rxg2+ 43. Kxg2 h5 44. Kh3 a5 45. Ne1 Kg6 46. Nf3 b6 47. Ne1 Bg5 48. Nf3 Kf6 49. Kg2 Kg6 50. Kh3 Bf6 51. Kg2 h4 52. Kh3 Kh5 53. Ne1 Bd8 54. Nf3 b5 55. Nd2 a4 56. b4 Ba5 57. Nf3 bxc4 58. Nd2 1/2-1/2

[Event "DSAM Bad Wildungen 2024"]
[Site "Bad Wildungen"]
[Date "2024.08.02"]
[Round "3.43"]
[White "Roessling, Laura Marie"]
[Black "Segermann, Nils"]
[Result "0-1"]
[Annotator "NA RC"]
[ECO "B34"]
[WhiteElo "1597"]
[BlackElo "1780"]
[PlyCount "92"]
[EventDate "2024.07.31"]
[EventCountry "GER"]
[SourceTitle "playchess.com"]
[Source "ChessBase"]
[SourceQuality "1"]
[TimeControl "40/5400+30:900+30"]

1. e4 c5 2. Nf3 Nc6 3. d4 cxd4 4. Nxd4 g6 5. Nc3 Bg7 6. Be3 a6 7. Qd2 d6 8. Nb3 Nf6 9. f3 Be6 10. Nd4 Bd7 11. Be2 b5 12. a3 Qc8 13. O-O O-O 14. a4 b4 15. Nxc6 Bxc6 16. Na2 a5 17. Nc1 Nd7 18. Bd4 Qb7 19. Bxg7 Kxg7 20. Nd3 Rfd8 21. h4 h5 22. Nf2 d5 23. exd5 Bxd5 24. Qd4+ e5 25. Qe3 Qb6 26. Qc1 Nf6 27. c4 bxc3 28. Qxc3 e4 29. fxe4 Rac8 30. Qg3 Nxe4 31. Qf4 Rc6 32. Bf3 Nxf2 33. Rxf2 Rf6 34. Qe5 Bxf3 35. gxf3 Rd4 36. Qb5 Qa7 37. Qe5 Rdf4 38. Ra3 R4f5 39. Qe4 Rf4 40. Qe5 Rxh4 41. Kg2 Rhf4 42. Kf1 Rb4 43. Rd2 Qa6+ 44. Re2 Kh7 45. Kf2 Qb6+ 46. Kg2 Re6 0-1

[Event "DSAM Bad Wildungen 2024"]
[Site "Bad Wildungen"]
[Date "2024.08.02"]
[Round "3.46"]
[White "Aguike, Oka"]
[Black "Voskanyan, Artur S."]
[Result "0-1"]
[Annotator "NA"]
[ECO "C50"]
[WhiteElo "1585"]
[BlackElo "1508"]
[PlyCount "102"]
[EventDate "2024.07.31"]
[EventCountry "GER"]
[SourceTitle "playchess.com"]
[Source "ChessBase"]
[SourceQuality "1"]
[TimeControl "40/5400+30:900+30"]

1. e4 e5 2. Nf3 Nc6 3. Bc4 Nf6 4. d3 Bc5 5. O-O d6 6. Nc3 Bg4 7. h3 Bh5 8. g4 Nxg4 9. hxg4 Bxg4 10. Bg5 Bxf3 11. Bxd8 Bxd1 12. Raxd1 Rxd8 13. Nd5 Bb6 14. a3 Ne7 15. Ne3 Bxe3 16. fxe3 Rf8 17. d4 d5 18. exd5 Nxd5 19. Rd3 e4 20. Rb3 Nb6 21. Be2 c6 22. Rf5 Kd7 23. c4 Kc7 24. c5 Nd5 25. Bc4 g6 26. Re5 Rfe8 27. Bxd5 Rxe5 28. Bxf7 Rf5 29. Be6 Rf6 30. Bc4 h5 31. Rc3 Rdf8 32. Rc2 Rf3 33. Re2 Rg3+ 34. Kh2 Rff3 35. d5 Rxe3 36. d6+ Kd7 37. Rf2 Rh3+ 38. Kg2 Reg3+ 39. Kf1 Rf3 40. Kg2 Rxf2+ 41. Kxf2 Rh2+ 42. Ke3 Rxb2 43. Kxe4 Rc2 44. Kd4 Rxc4+ 45. Kxc4 h4 46. a4 h3 47. a5 a6 48. Kd4 h2 49. Ke5 h1=Q 50. Kf6 Qd5 51. Kxg6 Qxc5 0-1

[Event "DSAM Bad Wildungen 2024"]
[Site "Bad Wildungen"]
[Date "2024.08.02"]
[Round "3.49"]
[White "Yilmaz, Deniz"]
[Black "Levytskyi, Oleksandr"]
[Result "1-0"]
[Annotator "NA RC"]
[ECO "D11"]
[WhiteElo "1562"]
[BlackElo "1580"]
[PlyCount "93"]
[EventDate "2024.07.31"]
[EventCountry "GER"]
[SourceTitle "playchess.com"]
[Source "ChessBase"]
[SourceQuality "1"]
[TimeControl "40/5400+30:900+30"]

1. d4 d5 2. c4 c6 3. Nf3 Nf6 4. Bf4 dxc4 5. a4 e6 6. e3 b5 7. axb5 cxb5 8. b3 Bb4+ 9. Nfd2 Qd5 10. Qc2 Bb7 11. bxc4 bxc4 12. Bxc4 Qxg2 13. Bb5+ Nc6 14. Rf1 O-O 15. f3 Rac8 16. Rf2 Qg1+ 17. Rf1 Nxd4 18. Qd1 Nc2+ 19. Ke2 Qg6 20. Bd3 Qxd3+ 21. Kxd3 Nxa1 22. Qa4 Nc2 23. Rc1 Rfd8+ 24. Ke2 Nd4+ 25. exd4 Rxc1 26. Qxb4 Ba6+ 27. Kf2 Nd5 28. Qa5 Ra8 29. Bd6 Rc6 30. Bc5 h6 31. Na3 Nf4 32. Qa4 Bb7 33. Qb5 Rc7 34. Bd6 Bc6 35. Qa6 Bb7 36. Qb5 Bc6 37. Qc4 Nh3+ 38. Kg3 Rcc8 39. Kxh3 Bxf3 40. Qa6 Rc6 41. Qb7 Rxd6 42. Nxf3 Rdd8 43. Ne5 Rdb8 44. Qxf7+ Kh8 45. Qxe6 a6 46. Kh4 Rf8 47. Ng6+ 1-0